 Dungeon Crawl Stone Soup version 0.31.0-11-ge490571c62 (webtiles) character file.

Game seed: 12623015947025364620

18965 SnakkuSnakku7 the Basher (level 13, -17/97 HPs)
             Began as a Djinni Chaos Knight on Jan 28, 2024.
             Was a Plaything of Xom.
             Demolished by a white ugly thing (32 damage)
             ... on level 10 of the Dungeon on Jan 29, 2024.
             The game lasted 00:17:07 (9726 turns).

SnakkuSnakku7 the Basher (Djinni Chaos Knight)      Turns: 9726, Time: 00:17:12

Health: -17/97     AC: 14    Str: 11    XL:     13   Next: 1%
Gold:   1387       EV: 11    Int: 13    God:    Xom [.....*] SH: 11 Dex: 21

rFire   + + .        a - +2 flail (holy)
rCold   . . .        d - +0 kite shield
rNeg    . . .        b - +2 leather armour
rPois   ∞            (helmet restricted)
rElec   .            C - +0 cloak
rCorr   .            (no gloves)
SInv    .            (boots unavailable)
Will    +....        (no amulet)
Stlth   ++           p - ring of protection from cold
HPRegen 0.36/turn    h - +4 ring of protection
MPRegen 0.00/turn

%: clarity, infuse magic (-18 HP)
@: flying
A: sickness immunity, fire resistance 2, cold vulnerability 1, float, innate
caster, HP casting, extra vitality 1, horns 1, iridescent scales 2, agile 2,
clarity, weak 1, wild magic 1, sturdy frame 1
a: Renounce Religion


You were on level 10 of the Dungeon.
You worshipped Xom.
You were Xom's teddy bear.
You visited 1 branch of the dungeon, and saw 10 of its levels.
You also visited: Sewer and Bailey.

You collected 1387 gold pieces.

Inventory:

Hand Weapons
 a - a +2 flail of holy wrath (weapon)
 c - a +0 flail
 t - a +0 mace of chaos
Armour
 b - a +2 leather armour (worn)
 d - a +0 kite shield (worn)
 j - a +0 tower shield
 C - a +0 cloak (worn)
Jewellery
 h - a +4 ring of protection (right hand)
 p - a ring of protection from cold (left hand)
 A - a ring of ice
Wands
 l - a wand of digging (4)
 y - a wand of polymorph (5)
 G - a wand of roots (2)
Scrolls
 i - a scroll of brand weapon
 m - 5 scrolls of fear
 o - 8 scrolls of teleportation {unknown}
 r - a scroll of revelation
 s - 3 scrolls of fog {unknown}
 u - 2 scrolls of enchant weapon
 D - a scroll of blinking
 H - a scroll of vulnerability
Potions
 e - a potion of mutation
 f - 3 potions of might
 k - a potion of brilliance
 n - 2 potions of invisibility
 q - 5 potions of haste
 v - 2 potions of curing
 x - a potion of cancellation
 z - a potion of ambrosia
 B - a potion of lignification
 E - a potion of attraction


   Skills:
 - Level 10.5 Fighting
 - Level 14.0 Maces & Flails
 - Level 1.0 Armour
 - Level 2.1 Dodging
 + Level 6.6 Shields


You knew the following spells:

 Your Spells              Type           Power      Damage    Failure   Level
a - Shock                 Conj/Air       0%         1d3       80%         1
b - Momentum Strike       Conj/Tloc      0%         3d8       90%         2
c - Call Canine Familiar  Summ           0%         N/A       98%         3
d - Confusing Touch       Hex            0%         N/A       98%         3
e - Dimensional Bullseye  Hex/Tloc       0%         N/A       100%        4
f - Lee's Rapid Deconstr  Erth           0%         3d4*      100%        5
Your spell library was empty.


Dungeon Overview and Level Annotations

Branches:
Dungeon (10/15)            Temple (0/1) D:6            Lair (0/5) D:8
  Sewer (visited)          Bailey (visited)
    Orc: D:9-12

Altars:
Fedhas
Gozag
Ru
Trog
Wu Jian
Xom
Lugonu

Portals:
Abyss: D:5


Innate Abilities, Weirdness & Mutations

You are immune to sickness and miasma.
You are immune to poison.
Your flesh is very heat resistant. (rF++)
You are vulnerable to cold. (rC-)
You float through the air rather than walking.
You learn spells naturally, not from books.
Your magical power is your life essence.
You have superior vitality. (+4 MHP)
You have a pair of small horns on your head.
You are mostly covered in iridescent scales. (AC +4)
You are very agile. (Dex +8, Str/Int -2)
You possess an exceptional clarity of mind.
You are weak. (Str -2)
Your spells are a little harder to cast, but a little more powerful.
Your movements are slightly less encumbered by armour. (ER -2)


Message History

"The weather's been a little too boring around here."
You block the purple ugly thing's attack.
Things that are here:
18 gold pieces; a +0 club; a +0 robe You hit the purple ugly thing.
The purple ugly thing is lightly wounded.
The purple ugly thing bites you.
You hit the purple ugly thing.
You headbutt the purple ugly thing, but do no damage.
The purple ugly thing is lightly wounded.
Xom adds some personal touches to your environment.
You barely miss the purple ugly thing.
The purple ugly thing is lightly wounded.
You block the purple ugly thing's attack.
You closely miss the purple ugly thing.
The purple ugly thing is lightly wounded.
The purple ugly thing bites you.
You hit the purple ugly thing.
You headbutt the purple ugly thing, but do no damage.
The purple ugly thing is lightly wounded.
The purple ugly thing bites you.
You closely miss the purple ugly thing.
The purple ugly thing is lightly wounded. "This might be better!"
The purple ugly thing basks in the mutagenic energy and changes!
You hit the white ugly thing but do no damage.
You headbutt the white ugly thing.
The white ugly thing is lightly wounded.
The white ugly thing claws you! The white ugly thing freezes you!!
* * * LOW HITPOINT WARNING * * *
You thump the white ugly thing!
The white ugly thing is moderately wounded.
You block the white ugly thing's attack.
You sock the white ugly thing!
The white ugly thing is heavily wounded.
The white ugly thing claws you.
* * * LOW HITPOINT WARNING * * *
The white ugly thing freezes you!!
You die...
Xom snickers!

.#.# #.# #.# .#.# #.#
#.# .#.# #.# #.# .#.#
#.### #.# .#.###...##
#.# .#.##..#..###.##
.#.##.###......# ##
.#.....#..####§##§##.##$
.#####...## #§§@u§.....
.#####.### ####§##.##?
...)>...# ## .#####..#
.# #...# .# ##..# .# ..#
.# ..# .# ..#


You could see a white ugly thing.

Vanquished Creatures
  A two-headed ogre (D:9)
  A glowing orange brain (D:9)
  An ugly thing (D:9)
  A cyclops (Bailey)
  The ghost of browni3141 the Chopper, an amateur MiFi (D:6)
  A troll (D:9)
  A vampire (D:9)
  2 slime creatures (D:9)
  2 shadows
  7 yaks
  3 wyverns
  A basilisk (D:8)
  A wraith (D:8)
  2 steam dragons
  Duvessa (D:6)
  5 water moccasins
  12 orc warriors
  2 ice beasts
  4 black bears
  An ogre (D:4)
  4 centaurs
  7 phantoms (D:8)
  2 kobold brigands (D:9)
  6 scorpions
  6 bullfrogs
  9 wights
  Dowan (D:6)
  9 killer bees
  7 howler monkeys
  2 centaur zombies (D:8)
  3 jellies (D:6)
  2 bombardier beetles
  2 hounds
  2 orc priests
  Crazy Yiuf (D:7)
  2 gnoll boudas
  8 sleepcaps
  An iguana (D:6)
  6 orc wizards
  6 scorpion zombies (D:8)
  5 killer bee zombies (D:8)
  11 gnolls
  8 adders
  2 river rats (Sewer)
  8 shadow imps (D:8)
  2 white imps
  2 dart slugs (D:3)
  32 orcs
  7 bats
  16 endoplasms
  5 giant cockroaches
  8 goblins
  13 hobgoblins
  A jackal (D:6)
  16 kobolds
  4 quokkas
  10 ball pythons
  9 frilled lizards
  23 rats
318 creatures vanquished.

Vanquished Creatures (collateral kills)
  An adder (Sewer)
  2 orcs (D:7)
  A frilled lizard (Sewer)
4 creatures vanquished.

Vanquished Creatures (others)
  A two-headed ogre (D:10)
  2 lurking horrors (D:5)
3 creatures vanquished.

Grand Total: 325 creatures vanquished

Notes
Turn   | Place    | Note
-------+----------+-------------------------------------------
     0 | D:1      | SnakkuSnakku7 the Djinni Chaos Knight began the quest for
                  | the Orb.
     0 | D:1      | Reached XP level 1. HP: 20/20 MP: 0/0
    70 | D:1      | Reached XP level 2. HP: 17/25 MP: 0/0
    87 | D:1      | Reached skill level 3 in Maces & Flails
   220 | D:1      | Reached XP level 3. HP: 26/30 MP: 0/0
   220 | D:1      | Learned a level 1 spell: Shock
   559 | D:1      | XOM: god gift: 56 gold pieces
   690 | D:2      | XOM: cast spell 'Summon Ice Beast'
   959 | D:2      | XOM: divination: magic mapping
   990 | D:2      | XOM: cloud trail
  1285 | D:2      | Reached XP level 4. HP: 35/35 MP: 0/0
  1439 | D:2      | XOM: cloud trail
  1532 | D:3      | XOM: 6-stop teleportation journey
  1571 | D:3      | Reached skill level 4 in Maces & Flails
  1858 | D:3      | XOM: 1-stop teleportation journey
  2266 | D:4      | Reached XP level 5. HP: 7/40 MP: 0/0
  2266 | D:4      | Learned a level 2 spell: Momentum Strike
  2762 | D:4      | XOM: silly message
  2862 | D:3      | Reached skill level 5 in Maces & Flails
  2953 | D:3      | HP: 1/40 [gnoll/+2 flail of holy wrath (9)]
  3088 | D:4      | XOM: silly message
  3137 | D:4      | XOM: scenery: create altars
  3141 | D:4      | Reached XP level 6. HP: 46/46 MP: 0/0
  3335 | D:4      | XOM: divination: detect items
  3411 | D:4      | Noticed an ogre
  3424 | D:4      | XOM: fog
  3429 | D:5      | Entered Level 5 of the Dungeon
  3479 | D:5      | Reached skill level 6 in Maces & Flails
  3601 | D:5      | Found a one-way gate to the infinite horrors of the Abyss.
  3606 | D:5      | Found a corrupted altar of Lugonu.
  3607 | D:5      | XOM: smoke on damage
  3617 | D:5      | Found a glowing drain.
  3637 | D:5      | Reached XP level 7. HP: 24/50 MP: 0/0
  3637 | D:5      | Learned a level 3 spell: Call Canine Familiar
  3721 | Sewer    | Entered a sewer
  3743 | Sewer    | XOM: smoke on damage
  3769 | Sewer    | XOM: 2-stop teleportation journey
  3931 | Sewer    | XOM: smoke on damage
  3949 | Sewer    | Gained mutation: Your natural rate of healing is unusually
                  | fast. [potion of mutation]
  3949 | Sewer    | Gained mutation: You are weak. (Str -2) [potion of
                  | mutation]
  3961 | Sewer    | XOM: summons 2 friendly demons
  4233 | D:4      | Reached skill level 7 in Maces & Flails
  4342 | D:4      | XOM: god gift: 2 silver javelins
  4432 | D:4      | Found an ornate altar of the Wu Jian Council.
  4708 | D:6      | Reached XP level 8. HP: 56/56 MP: 0/0
  4768 | D:6      | XOM: enchant monster (good)
  4854 | D:6      | Reached skill level 8 in Maces & Flails
  5159 | D:6      | Found a staircase to the Ecumenical Temple.
  5170 | D:6      | Noticed Duvessa
  5170 | D:6      | Noticed Dowan
  5171 | D:6      | XOM: potion effect (haste)
  5180 | D:6      | XOM: divination: detect creatures
  5203 | D:6      | Killed Duvessa
  5208 | D:6      | Killed Dowan
  5232 | D:6      | XOM: god gift: wand of polymorph (7)
  5269 | D:6      | XOM: god gift: 483 gold pieces
  5390 | D:6      | XOM: noise
  5409 | D:6      | Found a runed translucent door.
  5412 | D:6      | Noticed browni3141's ghost (amateur MiFi)
  5615 | D:6      | XOM: scenery: summon butterflies
  5841 | D:6      | XOM: god gift: scratched glass ring {god gift}
  5858 | D:6      | Killed browni3141's ghost
  5859 | D:6      | Reached skill level 9 in Maces & Flails
  5859 | D:6      | Reached XP level 9. HP: 13/60 MP: 0/0
  5859 | D:6      | Learned a level 3 spell: Confusing Touch
  5888 | D:7      | XOM: scenery: create altars
  5940 | D:6      | XOM: scenery: create altars
  6007 | D:6      | XOM: polymorph orc -> jackal
  6009 | D:6      | XOM: snakes to sticks
  6042 | D:7      | Identified the ring "Qutot" {+Blink rC- rN+ Str+2 Dex+3}
                  | (Xom gifted it to you on level 7 of the Dungeon)
  6042 | D:7      | XOM: god gift: ring "Qutot" {+Blink rC- rN+ Str+2 Dex+3}
  6053 | D:7      | XOM: cast spell 'Metabolic Englaciation'
  6064 | D:7      | XOM: summons friendly quasit
  6076 | D:7      | Reached skill level 10 in Maces & Flails
  6121 | D:7      | XOM: god gift: leather armour {god gift}
  6176 | D:7      | Found a bloodstained altar of Trog.
  6188 | D:7      | XOM: cast spell 'Animate Armour'
  6231 | D:7      | Found a runed translucent door.
  6232 | D:7      | Noticed Crazy Yiuf
  6337 | D:7      | XOM: potion effect (brilliance)
  6393 | D:7      | XOM: silly message
  6506 | D:7      | Killed Crazy Yiuf
  6549 | D:8      | XOM: divination: detect creatures
  6582 | D:8      | XOM: divination: detect creatures
  6647 | D:8      | XOM: butterfly on damage
  6652 | D:8      | Reached skill level 11 in Maces & Flails
  6680 | D:8      | XOM: divination: magic mapping
  6684 | D:8      | XOM: cast spell 'Summon Ice Beast'
  6701 | D:8      | Reached XP level 10. HP: 65/67 MP: 0/0
  6721 | D:8      | XOM: silly message
  6740 | D:8      | XOM: cast spell 'Summon Ice Beast'
  6759 | D:8      | XOM: divination: detect items
  6764 | D:8      | XOM: divination: magic mapping
  6805 | D:8      | XOM: confuse monster(s)
  6811 | D:8      | XOM: silly message
  6879 | D:8      | XOM: divination: detect items
  6883 | D:8      | Reached skill level 12 in Maces & Flails
  6894 | D:8      | XOM: potion effect (might)
  6895 | D:8      | XOM: divination: detect creatures
  6903 | D:8      | XOM: potion effect (heal wounds)
  6919 | D:8      | Found a staircase to the Lair.
  6936 | D:8      | XOM: swap monsters
  6981 | D:8      | XOM: silly message
  6993 | D:8      | XOM: noise
  7015 | D:8      | XOM: divination: detect items
  7193 | D:8      | XOM: give mutations
  7193 | D:8      | Gained mutation: You occasionally lose the ability to read
                  | scrolls when taking damage. [Xom's mischief]
  7193 | D:8      | Gained mutation: You possess an exceptional clarity of
                  | mind. [Xom's mischief]
  7193 | D:8      | Gained mutation: Your movements are slightly less
                  | encumbered by armour. (ER -2) [Xom's mischief]
  7202 | D:8      | XOM: noise
  7268 | D:8      | XOM: stat loss: -1 Str (12/13)
  7332 | D:8      | XOM: 4-stop teleportation journey
  7439 | D:8      | Reached skill level 13 in Maces & Flails
  7541 | D:8      | XOM: draining
  7546 | D:8      | XOM: confuse monster(s)
  7555 | D:8      | Reached XP level 11. HP: 61/63 MP: 0/0
  7555 | D:8      | Learned a level 4 spell: Dimensional Bullseye
  7575 | D:8      | XOM: confuse monster(s)
  7635 | D:8      | XOM: god gift: scroll of fear
  7658 | D:8      | XOM: silly message
  7866 | D:9      | Found a flagged portal.
  7907 | D:9      | XOM: potion effect (heal wounds)
  7952 | Bailey   | Entered a bailey
  7978 | Bailey   | Reached skill level 14 in Maces & Flails
  8302 | Bailey   | Noticed an orc knight
  8309 | Bailey   | an orc knight changed into a cyclops
  8309 | Bailey   | Noticed a cyclops
  8316 | Bailey   | XOM: cleaving
  8341 | Bailey   | Killed a cyclops
  8342 | Bailey   | Reached skill level 5 in Fighting
  8366 | Bailey   | Reached skill level 10 in Fighting
  8366 | Bailey   | Reached XP level 12. HP: 92/92 MP: 0/0
  8366 | Bailey   | XOM: summons 1 hostile demon
  8396 | D:9      | Noticed a two-headed ogre
  8402 | D:9      | Killed a two-headed ogre
  8506 | D:9      | Noticed a deep elf knight
  8610 | D:9      | Found a sacrificial altar of Ru.
  8610 | D:9      | Found a blossoming altar of Fedhas.
  8610 | D:9      | XOM: 4-stop teleportation journey
  8687 | D:9      | XOM: enchant monster (bad)
  8697 | D:9      | XOM: give mutation
  8697 | D:9      | Gained mutation: You have a pair of small horns on your
                  | head. [Xom's grace]
  8707 | D:9      | Found an opulent altar of Gozag.
  8771 | D:9      | XOM: give mutations
  8771 | D:9      | Gained mutation: You are partially covered in iridescent
                  | scales. (AC +2) [Xom's grace]
  8771 | D:9      | Gained mutation: Your movements are less encumbered by
                  | armour. (ER -4) [Xom's grace]
  8771 | D:9      | Gained mutation: You are agile. (Dex +4, Str/Int -1) [Xom's
                  | grace]
  8793 | D:9      | a slime creature changed into a glowing orange brain
  8793 | D:9      | Noticed a glowing orange brain
  8793 | D:9      | XOM: polymorph slime creature -> glowing orange brain
  8802 | D:9      | Killed a glowing orange brain
  8864 | D:9      | Reached skill level 5 in Shields
  9368 | D:9      | XOM: cloud trail
  9406 | D:10     | Entered Level 10 of the Dungeon
  9449 | D:10     | XOM: butterfly on damage
  9533 | D:10     | XOM: give mutations
  9533 | D:10     | Lost mutation: You occasionally lose the ability to read
                  | scrolls when taking damage. [Xom's mischief]
  9533 | D:10     | Lost mutation: Your natural rate of healing is unusually
                  | fast. [Xom's mischief]
  9533 | D:10     | Gained mutation: You are very weak. (Str -4) [Xom's
                  | mischief]
  9558 | D:10     | XOM: give mutations
  9558 | D:10     | Lost mutation: Your movements are less encumbered by
                  | armour. (ER -4) [Xom's mischief]
  9558 | D:10     | Gained mutation: You are very agile. (Dex +8, Str/Int -2)
                  | [Xom's mischief]
  9558 | D:10     | Gained mutation: Your spells are a little harder to cast,
                  | but a little more powerful. [Xom's mischief]
  9558 | D:10     | Lost mutation: You are very weak. (Str -4) [Xom's mischief]
  9627 | D:10     | Noticed a two-headed ogre
  9697 | D:10     | XOM: give mutation
  9697 | D:10     | Gained mutation: You are mostly covered in iridescent
                  | scales. (AC +4) [Xom's mischief]
  9705 | D:10     | Killed a two-headed ogre
  9709 | D:10     | Reached XP level 13. HP: 67/97 MP: 0/0
  9709 | D:10     | Learned a level 5 spell: Lee's Rapid Deconstruction
  9714 | D:10     | XOM: god gift: scroll of noise
  9717 | D:10     | XOM: fog
  9719 | D:10     | XOM: scenery: create altars
  9723 | D:10     | XOM: polymorph purple ugly thing -> white ugly thing
  9726 | D:10     | Demolished by a white ugly thing

Illustrated notes

Levels and vault maps discovered:
D:1:      shiori_arrival_oz, layout_basic
D:2:      layout_loops_ring, minmay_three_crescents
D:3:      layout_basic, kennysheep_generic_room_16
D:4:      layout_loops_ring, general_overflow_altar
D:5:      wander_river, layout_rooms, gup_sewer_entry_glass,
          amcnicky_altar_lugonu_corruption
D:6:      cheibrodos_helix_gallery, layout_layer_cave,
          minmay_temple_entry_glassed_door, ebering_ghost_reflecting_pool,
          st_stairs_12, uniq_duvessa
D:7:      layout_cave_pools, trog_ov_bears_minmay, uniq_crazy_yiuf_cottage
D:8:      bobbens_index_wilting_gardens, layout_basic, minmay_lair_entry_grove
D:9:      layout_loops_cross, mainiacjoe_overflow_catwalk_spiral,
          amcnicky_altar_gilded, enter_bailey_6, wad_dig_loot
D:10:     hangedman_cross_veins, layout_loops_ring,
          mainiacjoe_overflow_tiny_flanked, orc_0_dummy

Skill      XL: |  1  2  3  4  5  6  7  8  9 10 11 12 |
---------------+-------------------------------------+-----
Maces & Flails | 3 4 5 6 7 9 11 13 14 | 14.0
Fighting       | 10 | 10.5
Shields        | 6 |  6.6
Armour         | |  1.0
Dodging        | |  2.1

Action                     |  1- 3 |  4- 6 |  7- 9 | 10-12 | 13-15 || total
---------------------------+-------+-------+-------+-------+-------++-------
  Melee: Mace              |   126 |    81 |       |       |       ||   207
         Flail             |       |   129 |   440 |   783 |    16 ||  1368
         Headbutt          |       |       |       |    35 |     5 ||    40
  Evoke: Wand              |       |       |       |    21 |     1 ||    22
    Use: Potion            |       |     3 |     2 |     4 |       ||     9
         Scroll            |       |     1 |    10 |     8 |       ||    19
   Stab: Distracted        |       |       |     2 |       |       ||     2
 Armour: Leather armour    |    86 |   155 |   353 |   558 |    10 ||  1162
  Dodge: Dodged            |    49 |    76 |   213 |   287 |     3 ||   628
  Block: Kite shield       |    32 |    83 |   210 |   301 |     6 ||   632
